 Dungeon Crawl Stone Soup version 0.29-a0-716-gf28ee254f9 (webtiles) character file.

Game seed: 2304965765118562467

78 27snakeeyes612 the Trooper (level 4, -1/28 (37) HPs)
             Began as a Naga Fighter on June 26, 2022.
             Slain by a goblin
             ... wielding a +0 dagger
             ... led by Robin
              (3 damage)
             ... on level 2 of the Dungeon.
             The game lasted 00:02:08 (2050 turns).

27snakeeyes612 the Trooper (Naga Fighter)           Turns: 2050, Time: 00:02:09

HP:   -1/28 (37)    AC:  5    Str: 21    XL:     4   Next: 36%
MP:   4/4           EV:  7    Int:  8    God:
Gold: 81            SH:  4    Dex: 10    Spells: 3/3 levels left

rFire   . . .      SeeInvis +   f - +2 whip (distort)
rCold   . . .      Faith    .   c - +0 buckler
rNeg    . . .      Spirit   .   b - +0 scale mail
rPois   +          Reflect  .   (no helmet)
rElec   .          Harm     .   (no cloak)
rCorr   .          Rampage  .   (no gloves)
Will    .....                   (no barding)
Stlth   ..........              (no amulet)
HPRegen 0.09/turn               o - ring of flight
MPRegen 0.09/turn               (no ring)

@: flying, heavily drained, very slow
A: AC +1, large, see invisible, deformed body, poison resistance, slowness 2,
spit poison 2, naga tail 1, frail 1, no potion heal 1
a: Breathe Poison Gas


You were on level 2 of the Dungeon.
You visited 1 branch of the dungeon, and saw 3 of its levels.

You collected 81 gold pieces.

Inventory:

Hand Weapons
 a - a +0 flail
 f - a +2 whip of distortion (weapon)
Missiles
 q - a throwing net
Armour
 b - a +0 scale mail (worn)
 c - a +0 buckler (worn)
Jewellery
 o - a ring of flight (left hand)
Scrolls
 g - 2 scrolls of vulnerability {unknown}
 i - 3 scrolls of identify {unknown}
 l - a scroll of noise {unknown}
 m - 2 scrolls of teleportation {unknown}
 n - a scroll of poison {unknown}
 p - a scroll of fog {unknown}
Potions
 d - 3 potions of might
 h - 2 potions of curing {unknown}
 j - 2 potions of haste {unknown}
 k - a potion of heal wounds {unknown}
 r - a potion of lignification {unknown}


   Skills:
 + Level 3.4 Fighting
 + Level 2.6 Maces & Flails
 + Level 2.8 Armour
 + Level 2.4 Stealth
 + Level 3.1 Shields


You had 3 spell levels left.
You didn't know any spells.
Your spell library contained the following spells:

 Spells                   Type           Power      Damage    Failure   Level
 Apportation              Tloc           0%         N/A       83%         1
 Blink                    Tloc           0%         N/A       92%         2
 Static Discharge         Conj/Air       0%         N/A       92%         2
 Alistair's Intoxication  Tmut/Pois      0%         N/A       100%        5
 Lightning Bolt           Conj/Air       0%         1d11      100%        5
 Manifold Assault         Tloc           0%         N/A       100%        5
 Storm Form               Tmut/Air       0%         N/A       100%        7
 Maxwell's Capacitive Co  Air            0%         ∞         100%        8


Dungeon Overview and Level Annotations

Branches:
Dungeon (3/15)

Altars:

Annotations:
D:3 Robin


Innate Abilities, Weirdness & Mutations

Your serpentine skin is tough. (AC +1)
You have supernaturally acute eyesight. (SInv)
Armour fits poorly on your strangely shaped body.
Your system is resistant to poisons. (rPois)
You cover ground very slowly.
You can exhale a cloud of poison.
You have a snake-like lower body.
You are frail. (-10% HP)
Potions are less effective at restoring your health.


Message History

The hobgoblin closely misses you.
The goblin hits you with a +0 dagger of draining.
You feel drained. Robin throws the goblin at you!
You are too injured to fight recklessly!
You are too injured to fight recklessly!
You are too injured to fight recklessly!
You are too injured to fight recklessly!
You are too injured to fight recklessly!
You are too injured to fight recklessly!
The hobgoblin closely misses you.
The hobgoblin hits you but does no damage.
The goblin barely misses you. You block the goblin's attack.
You fly upwards.
There is a stone staircase leading down here.
The goblin attacks as you move away! The goblin hits you but does no damage.
You feel drained. The goblin barely misses you.
The hobgoblin hits you but does no damage.
The goblin barely misses you.
You closely miss the goblin. The goblin hits you with a +0 dagger.
The hobgoblin closely misses you. The goblin hits you but does no damage.
You feel drained.
The hobgoblin hits you but does no damage.
The goblin hits you with a +0 dagger.
* * * LOW HITPOINT WARNING * * *
The hobgoblin attacks as you move away! You block the hobgoblin's attack.
The goblin hits you but does no damage. The hobgoblin attacks as you move away!
The hobgoblin hits you.
* * * LOW HITPOINT WARNING * * *
You block the goblin's attack. The hobgoblin hits you.
* * * LOW HITPOINT WARNING * * *
The hobgoblin attacks as you move away! The hobgoblin hits you.
* * * LOW HITPOINT WARNING * * *
The goblin attacks as you move away! You block the goblin's attack.
It was a potion of mutation.
You feel extremely strange.
You feel frail.
There is a nasty taste in your mouth for a moment.
Your system partially rejects the healing effects of potions.
The hobgoblin no longer looks unusually strong.
The goblin hits you with a +0 dagger.
You die...

##.#...##.....
##.###..#...... #.##
##....#.##
##.###..#..#.##
##.#...#......
##.#..#..#.##
#.#)......##
##############...##..#.##
#.......@ggg.......<.....
#.########g..............
#.# #.#.>........... #.#
#.#.......######
####.#### #.###...###
#.......# #.# #...#
#.#####.#####.# ##.## #.#
#....##.####.### #.#
#....##........#


You could see 2 hobgoblins and 2 goblins.

Vanquished Creatures
  An adder (D:2)
  3 dart slugs (D:2)
  4 endoplasms
  A giant cockroach (D:2)
  7 goblins
  9 hobgoblins
  4 jackals (D:1)
  5 kobolds
  3 quokkas
  7 ball pythons (D:1)
  4 bats
  3 frilled lizards
  4 rats
55 creatures vanquished.

Notes
Turn   | Place    | Note
-------+----------+-------------------------------------------
     0 | D:1      | 27snakeeyes612 the Naga Fighter began the quest for the
                  | Orb.
     0 | D:1      | Reached XP level 1. HP: 21/21 MP: 1/1
   124 | D:1      | Reached XP level 2. HP: 5/28 MP: 2/2
   378 | D:1      | Reached skill level 1 in Stealth
   423 | D:1      | Found a faded altar of an unknown god.
   686 | D:1      | Reached XP level 3. HP: 34/34 MP: 3/3
  1453 | D:2      | Reached XP level 4. HP: 42/42 MP: 4/4
  2021 | D:3      | Noticed Robin
  2049 | D:2      | HP: 1/33 [hobgoblin[Robin] (2)]
  2050 | D:2      | Gained mutation: You are frail. (-10% HP) [potion of
                  | mutation]
  2050 | D:2      | Gained mutation: You can exhale a cloud of poison. [potion
                  | of mutation]
  2050 | D:2      | Gained mutation: Potions are less effective at restoring
                  | your health. [potion of mutation]
  2050 | D:2      | Slain by a goblin

Illustrated notes

Levels and vault maps discovered:
D:1:      minmay_arrival_stair_chambers, layout_loops_ring,
          shapermc_ecumenical_altar_venn, minivault_11
D:2:      layout_loops_ring, chequers_serial_rivers_micro_e
D:3:      layout_basic, cheibrodos_sewer_entry_sluice, uniq_ijyb, uniq_robin

Skill      XL: |  1  2  3 |
---------------+----------+-----
Stealth        | 1 2 |  2.4
Shields        | 3 |  3.1
Fighting       | |  3.4
Maces & Flails | |  2.6
Armour         | |  2.8

Action                   |  1- 3 |  4- 6 || total
-------------------------+-------+-------++-------
Melee: Whip              |    86 |    36 ||   122
       Flail             |     2 |       ||     2
 Abil: Spit Poison       |     2 |       ||     2
  Use: Potion            |       |     1 ||     1
Armor: Scale mail        |    41 |    24 ||    65
Dodge: Dodged            |    46 |    23 ||    69
Block: Buckler           |    18 |    16 ||    34

Table legend: (Time is in decaauts)
 A = Elapsed time spent in this place.
 B = Non-inter-level travel time spent in this place.
 C = Inter-level travel time spent in this place.
 D = Time resting spent in this place.
 E = Time spent auto-exploring this place.
 F = Levels seen in this place.
 G = Mean time per level.
                   A        B        C        D        E       F      G
               +--------+--------+--------+--------+--------+-----+--------+
         Total |   2534 |   2505 |     29 |      0 |   2123 |   3 |  844.7 |
       Dungeon |   2534 |   2505 |     29 |      0 |   2123 |   3 |  844.7 |
               +--------+--------+--------+--------+--------+-----+--------+

Top non-repeatable levels by time:
     D:1: 1422 daAuts
     D:2: 1077 daAuts
     D:3: 34 daAuts
